 Dungeon Crawl Stone Soup version 0.32-a0-900-g30fb1b0edc (webtiles) character file.

Game seed: 1813193982826855590

703 Frisco the Skirmisher (level 7, -3/51 HPs)
             Began as a Coglin Hunter on Apr 5, 2024.
             Slain by Duvessa
             ... wielding a +0 short sword
              (11 damage)
             ... on level 4 of the Dungeon.
             The game lasted 00:04:38 (3907 turns).

Frisco the Skirmisher (Coglin Hunter)               Turns: 3907, Time: 00:04:39

Health: -3/51      AC:  5    Str: 11    XL:     7   Next: 66%
Magic:  7/7        EV: 11    Int:  9    God:
Gold:   134        SH:  0    Dex: 19    Spells: 6/6 levels left

rFire   + . .        a - +2 sling {Albrecht}
rCold   . . .        d - +0 sling {Sofian}
rNeg    . . .        g - +2 leather armour {rF+}
rPois   .            (no helmet)
rElec   .            (no cloak)
rCorr   .            (no gloves)
SInv    .            (no boots)
Will    .....        (amulet unavailable)
Stlth   ++           (ring unavailable)
HPRegen 0.28/turn    (ring unavailable)
MPRegen 0.10/turn    (no gizmo)

%: no passive effects
@: revved
A: off-hand wielding, slow wielding, warmup strikes, no jewellery
a: Invent Gizmo


You were on level 4 of the Dungeon.
You visited 2 branches of the dungeon, and saw 5 of its levels.

You collected 134 gold pieces.

Inventory:

Hand Weapons
 a - a +2 sling (weapon) {Albrecht}
 d - a +0 sling (offhand) {Sofian}
Armour
 c - a +0 leather armour
 g - a +2 leather armour of fire resistance (worn)
 s - a +0 pair of boots
Wands
 t - a wand of charming (6)
Scrolls
 i - 2 scrolls of teleportation {unknown}
 j - a scroll of amnesia {unknown}
 o - a scroll of revelation {unknown}
 p - 2 scrolls of poison {unknown}
 q - a scroll of noise {unknown}
 r - a scroll of blinking {unknown}
Potions
 b - a potion of mutation {unknown}
 e - a potion of haste {unknown}
 f - 2 potions of curing {unknown}
 h - a potion of magic {unknown}
 k - a potion of resistance {unknown}
 m - 2 potions of brilliance {unknown}
 n - a potion of degeneration {unknown}
 u - a potion of enlightenment {unknown}


   Skills:
 + Level 2.3 Fighting
 * Level 8.2 Ranged Weapons
 + Level 2.1 Dodging
 - Level 0.7 Stealth


You had 6 spell levels left.
You didn't know any spells.
Your spell library was empty.

Dungeon Overview and Level Annotations

Branches:
Dungeon (4/15)             Temple (1/1) D:4

Altars:
Cheibriados
Dithmenos
Gozag
Makhleb
Okawaru
Qazlal
Trog
Wu Jian
Xom
Yredelemnul
The Shining One

Annotations:
D:4 Duvessa


Innate Abilities, Weirdness & Mutations

You can wield a second weapon in your off-hand.
It takes a long time for you to wield or remove held weapons.
Your first few attacks do less damage.
You cannot equip rings or amulets.


Message History

The sling bullet hits Duvessa but does no damage.
Duvessa is moderately wounded.
You shoot a sling bullet.
The sling bullet hits Duvessa but does no damage.
Duvessa is moderately wounded.
Duvessa closely misses you.
You shoot a sling bullet.
The sling bullet hits Duvessa but does no damage.
Duvessa is moderately wounded.
You shoot a sling bullet. The sling bullet hits Duvessa.
Duvessa is moderately wounded.
Duvessa barely misses you. Duvessa hits you with a +0 short sword!
You shoot a sling bullet. The sling bullet hits Duvessa.
Duvessa is moderately wounded.
You shoot a sling bullet.
The sling bullet hits Duvessa but does no damage.
Duvessa is moderately wounded.
Duvessa hits you with a +0 short sword. Duvessa misses you.
You shoot a sling bullet.
The sling bullet closely misses Duvessa.
You shoot a sling bullet.
The sling bullet hits Duvessa but does no damage.
Duvessa is moderately wounded.
Duvessa hits you with a +0 short sword.
You shoot a sling bullet. The sling bullet barely misses Duvessa.
You shoot a sling bullet.
The sling bullet hits Duvessa but does no damage.
Duvessa is moderately wounded.
Duvessa hits you with a +0 short sword. Duvessa hits you with a +0 short sword!
* * * LOW HITPOINT WARNING * * *
You shoot a sling bullet. The sling bullet hits Duvessa.
Duvessa is moderately wounded.
You shoot a sling bullet. The sling bullet hits Duvessa.
Duvessa is heavily wounded.
Duvessa misses you.
Unknown command.
As you read the scroll labelled VUMEVADURA, it dissolves into smoke.
It was a scroll of fog.
Duvessa closely misses you. Duvessa hits you with a +0 short sword!
You die...

#.......# ##.......
#.......# #...)...
###.##### #.....).
#..# ##...... #.##
##.......
#.########........
#.....[.##........
#e§.....##........
#@§.....##........
#§§.....##.#...)..
#§.§.......##.....
##..........####.##
#........##..###.#
#.#......###...#.#
#.#......# ###...##
####.#......#
##...#
##....########
#.#.#


You could see Duvessa (berserk).

Vanquished Creatures
  Grinder (D:3)
  Eustachio (D:4)
  A scorpion (D:4)
  2 bombardier beetles
  Ijyb (D:4)
  5 adders
  4 gnolls (D:4)
  2 dart slugs
  2 ribbon worms
  An orc (D:4)
  7 ball pythons
  6 endoplasms
  8 giant cockroaches
  12 goblins
  6 hobgoblins
  8 jackals
  3 quokkas
  5 bats (D:1)
  3 frilled lizards
  6 kobolds
  5 rats
89 creatures vanquished.

Vanquished Creatures (collateral kills)
  Dowan (D:4)
1 creature vanquished.

Grand Total: 90 creatures vanquished

Notes
Turn   | Place    | Note
-------+----------+-------------------------------------------
     0 | D:1      | Frisco the Coglin Hunter began the quest for the Orb.
     0 | D:1      | Reached XP level 1. HP: 16/16 MP: 1/1
    68 | D:1      | Reached skill level 4 in Ranged Weapons
    68 | D:1      | Reached XP level 2. HP: 22/22 MP: 2/2
   333 | D:1      | Reached XP level 3. HP: 27/27 MP: 3/3
   875 | D:1      | Found a faded altar of an unknown god.
  1374 | D:2      | Reached skill level 5 in Ranged Weapons
  1374 | D:2      | Reached XP level 4. HP: 33/33 MP: 4/4
  1993 | D:3      | Noticed Grinder
  2008 | D:3      | Killed Grinder
  2009 | D:3      | Reached skill level 6 in Ranged Weapons
  2009 | D:3      | Reached XP level 5. HP: 38/38 MP: 5/5
  2009 | D:3      | Reached XP level 6. HP: 44/44 MP: 6/6
  2685 | D:3      | Reached skill level 7 in Ranged Weapons
  2896 | D:4      | Found a staircase to the Ecumenical Temple.
  2911 | Temple   | Entered the Ecumenical Temple
  2993 | D:4      | Noticed Eustachio
  3007 | D:4      | Killed Eustachio
  3008 | D:4      | Reached XP level 7. HP: 25/50 MP: 7/7
  3115 | D:4      | Reached skill level 8 in Ranged Weapons
  3232 | D:4      | Noticed Duvessa
  3235 | D:4      | Noticed Dowan
  3303 | D:4      | Noticed Ijyb
  3669 | D:4      | Killed Ijyb
  3867 | D:4      | Killed Dowan
  3907 | D:4      | Slain by Duvessa

Illustrated notes

Levels and vault maps discovered:
D:1:      dpeg_arrival_prison, layout_basic,
          hellmonk_ecumenical_altar_inner_sanctum
D:2:      layout_loops_corners, chequers_serial_rivers_large_a,
          nicolae_concentric_dashed_squares_wild
D:3:      layout_basic, uniq_grinder
D:4:      layout_rooms, minmay_temple_entry_slanted, uniq_eustachio,
          uniq_duvessa, uniq_ijyb
Temple:   minmay_temple_curvy_loop

Skill      XL: |  1  2  3  4  5  6  7 |
---------------+----------------------+-----
Ranged Weapons | 4 5 6 7 8 |  8.2
Dodging        | 2 |  2.1
Fighting       | |  2.3
Stealth        | |  0.7

Action                     |  1- 3 |  4- 6 |  7- 9 || total
---------------------------+-------+-------+-------++-------
   Fire: Sling             |   146 |   214 |   130 ||   490
  Evoke: Wand              |       |       |     3 ||     3
    Use: Scroll            |       |       |     2 ||     2
 Armour: Leather armour    |     6 |    18 |    21 ||    45
  Dodge: Dodged            |     7 |    22 |    17 ||    46

Table legend: (Time is in decaauts)
 A = Elapsed time spent in this place.
 B = Non-inter-level travel time spent in this place.
 C = Inter-level travel time spent in this place.
 D = Time resting spent in this place.
 E = Time spent auto-exploring this place.
 F = Levels seen in this place.
 G = Mean time per level.
                   A        B        C        D        E       F      G
               +--------+--------+--------+--------+--------+-----+--------+
         Total |   3951 |   3648 |    303 |    279 |   2876 |   5 |  790.2 |
       Dungeon |   3893 |   3647 |    246 |    279 |   2876 |   4 |  973.2 |
        Temple |     57 |      0 |     57 |      0 |      0 |   1 |   57.0 |
               +--------+--------+--------+--------+--------+-----+--------+

Top non-repeatable levels by time:
     D:1: 1042 daAuts
     D:3: 1013 daAuts
     D:2: 933 daAuts
     D:4: 904 daAuts
  Temple: 57 daAuts
